TOP OF THE 1ST |
Nantucket Orcas batting - Pitching for Detroit Dirty Snow : RHP Bob Peterson
|
Pitching: RHP Bob Peterson
|
|
Batting: RHB Charlie Pérez
|
0-0: Fly out, F6 (Line Drive, 6M)
|
Batting: RHB Demetrio Inrouville
|
0-0: Foul Ball, location: 2F 0-1: Ball 1-1: SINGLE (Groundball, 56D)
|
Batting: LHB Eugene Lee
|
0-0: Ball 1-0: Foul Ball, location: 2F 1-1: Ball 2-1: Ball 3-1: Fielders Choice at 2nd, 4-6 (Groundball, 34)
|
Batting: RHB Paul Bell
|
0-0: Swinging Strike 0-1: Ball Pickoff Throw to First - Error! E1 Eugene Lee to second 1-1: Foul Ball, location: 2F 1-2: Ball 2-2: Ball 3-2: Ground out 4-3 (Groundball, 4)
|
Top of the 1st over - 0 runs, 1 hit, 1 error, 1 left on base; Nantucket 0 - Detroit 0 |
BOTTOM OF THE 1ST |
Detroit Dirty Snow batting - Pitching for Nantucket Orcas : RHP Emílio Benítez
|
Pitching: RHP Emílio Benítez
|
|
Batting: LHB Luis Salazar
|
0-0: Ball 1-0: Swinging Strike 1-1: Foul Ball, location: 2F 1-2: Ball 2-2: Strikes out swinging
|
Batting: RHB Mauro Peña
|
0-0: Ball 1-0: Called Strike 1-1: Ground out 6-3 (Groundball, 6S)
|
Batting: RHB Gustavo López
|
0-0: Called Strike 0-1: Called Strike 0-2: Ball 1-2: Ball 2-2: Fly out, F8 (Flyball, 8LD)
|
Bottom of the 1st over - 0 runs, 0 hits, 0 errors, 0 left on base; Nantucket 0 - Detroit 0 |
TOP OF THE 2ND |
Nantucket Orcas batting - Pitching for Detroit Dirty Snow : RHP Bob Peterson
|
Batting: RHB Matt Dundee
|
0-0: Foul Ball, location: 2F 0-1: Ball 1-1: Ball 2-1: Called Strike 2-2: Foul Ball, location: 2F 2-2: SINGLE (Groundball, 6MD)
|
Batting: LHB Alfonso Vélez
|
0-0: Swinging Strike 0-1: Ball 1-1: Foul Ball, location: 2F 1-2: Strikes out swinging
|
Batting: SHB Cristián Salazar
|
0-0: Foul Ball, location: 2F 0-1: Ball 1-1: Called Strike 1-2: 2-RUN HOME RUN (Line Drive, 9LD), Distance : 347 ft
|
Batting: RHB Curt O'Brian
|
0-0: Ball 1-0: Called Strike 1-1: Ball 2-1: Foul Ball, location: 2F 2-2: Strikes out swinging
|
Batting: RHB Norberto Navarro
|
0-0: Called Strike 0-1: Foul Ball, location: 2F 0-2: Foul Ball, location: 2F 0-2: Strikes out swinging
|
Top of the 2nd over - 2 runs, 2 hits, 0 errors, 0 left on base; Nantucket 2 - Detroit 0 |
BOTTOM OF THE 2ND |
Detroit Dirty Snow batting - Pitching for Nantucket Orcas : RHP Emílio Benítez
|
Batting: RHB Antenor Anchieta
|
0-0: Ball 1-0: Ball 2-0: Ball 3-0: Base on Balls
|
Batting: SHB Víctor Torres
|
0-0: Ball 1-0: Swinging Strike 1-1: Ball 2-1: Swinging Strike 2-2: Strikes out swinging
|
Batting: LHB Al Cramer
|
0-0: Fly out, F7 (Line Drive, 7)
|
Batting: RHB António Aguilera
|
0-0: Ball 1-0: Called Strike 1-1: Ball 2-1: Called Strike 2-2: Strikes out swinging
|
Bottom of the 2nd over - 0 runs, 0 hits, 0 errors, 1 left on base; Nantucket 2 - Detroit 0 |
TOP OF THE 3RD |
Nantucket Orcas batting - Pitching for Detroit Dirty Snow : RHP Bob Peterson
|
Batting: RHB Charlie Pérez
|
0-0: Called Strike 0-1: Swinging Strike 0-2: Ball 1-2: Foul Ball, location: 2F 1-2: Ball 2-2: Foul Ball, location: 2F 2-2: Foul Ball, location: 2F 2-2: Strikes out swinging
|
Batting: RHB Demetrio Inrouville
|
0-0: SINGLE (Groundball, 4MD)
|
Batting: LHB Eugene Lee
|
0-0: Ball Demetrio Inrouville steals 2nd base 1-0: Fly out, F9 (Flyball, 89S)
|
Batting: RHB Paul Bell
|
0-0: Foul Ball, location: 2F 0-1: Ball 1-1: Ball 2-1: Ball 3-1: Ground out 5-3 (Groundball, 56)
|
Top of the 3rd over - 0 runs, 1 hit, 0 errors, 1 left on base; Nantucket 2 - Detroit 0 |
BOTTOM OF THE 3RD |
Detroit Dirty Snow batting - Pitching for Nantucket Orcas : RHP Emílio Benítez
|
Batting: LHB Lee Jenkins
|
0-0: Foul Ball, location: 2F 0-1: Ball 1-1: Ball 2-1: Ball 3-1: DOUBLE (Flyball, 8LXD)
|
Batting: RHB José Wills
|
0-0: Ground out U3 (Groundball, 34S) Lee Jenkins to third
|
Batting: LHB Luis Salazar
|
0-0: Ground out 5-3 (Groundball, 56S) Lee Jenkins scores
|
Batting: RHB Mauro Peña
|
0-0: Ball 1-0: Ground out 5-3 (Groundball, 56)
|
Bottom of the 3rd over - 1 run, 1 hit, 0 errors, 0 left on base; Nantucket 2 - Detroit 1 |
TOP OF THE 4TH |
Nantucket Orcas batting - Pitching for Detroit Dirty Snow : RHP Bob Peterson
|
Batting: RHB Matt Dundee
|
0-0: SINGLE (Groundball, 56D)
|
Batting: LHB Alfonso Vélez
|
0-0: Called Strike 0-1: Ball 1-1: Reached on error, E1 (Groundball, 13S) Matt Dundee to second
|
Batting: SHB Cristián Salazar
|
0-0: Called Strike 0-1: Fly out, F9 (Flyball, 89S)
|
Batting: RHB Curt O'Brian
|
0-0: Ball 1-0: Ball 2-0: Ball 3-0: Base on Balls Matt Dundee to third Alfonso Vélez to second
|
Batting: RHB Norberto Navarro
|
0-0: Called Strike 0-1: Called Strike 0-2: Ball 1-2: Fly out, F8 (Flyball, 8LXD) Runner from 3rd tags up, SCORES, no throw Alfonso Vélez to third
|
Batting: RHB Charlie Pérez
|
0-0: Ball 1-0: Called Strike 1-1: Ball 2-1: Foul Ball, location: 2F 2-2: Strikes out swinging
|
Top of the 4th over - 1 run, 1 hit, 1 error, 2 left on base; Nantucket 3 - Detroit 1 |
BOTTOM OF THE 4TH |
Detroit Dirty Snow batting - Pitching for Nantucket Orcas : RHP Emílio Benítez
|
Batting: RHB Gustavo López
|
0-0: Ball 1-0: Called Strike 1-1: Called Strike 1-2: Foul Ball, location: 2F 1-2: Foul Ball, location: 2F 1-2: Foul Ball, location: 2F 1-2: Fly out, F3 (Line Drive, 4)
|
Batting: RHB Antenor Anchieta
|
0-0: Foul Ball, location: 2F 0-1: Ball 1-1: Foul Ball, location: 2F 1-2: Fly out, F6 (Popup, 6M)
|
Batting: SHB Víctor Torres
|
0-0: DOUBLE (Line Drive, 8LXD)
|
Batting: LHB Al Cramer
|
0-0: Fly out, F9 (Flyball, 9)
|
Bottom of the 4th over - 0 runs, 1 hit, 0 errors, 1 left on base; Nantucket 3 - Detroit 1 |
TOP OF THE 5TH |
Nantucket Orcas batting - Pitching for Detroit Dirty Snow : RHP Bob Peterson
|
Batting: RHB Demetrio Inrouville
|
0-0: Ball 1-0: Fly out, F8 (Flyball, 8RM)
|
Batting: LHB Eugene Lee
|
0-0: Ball 1-0: Ball 2-0: Called Strike 2-1: Ground out 2-3 (Groundball, 2L)
|
Batting: RHB Paul Bell
|
0-0: SINGLE (Flyball, 8RS)
|
Pitching: RHP Jesús Mendoza
|
|
Batting: RHB Matt Dundee
|
0-0: Ball 1-0: Ball 2-0: Ball 3-0: Fly out, F9 (Flyball, 89M)
|
Top of the 5th over - 0 runs, 1 hit, 0 errors, 1 left on base; Nantucket 3 - Detroit 1 |
BOTTOM OF THE 5TH |
Detroit Dirty Snow batting - Pitching for Nantucket Orcas : RHP Emílio Benítez
|
Batting: RHB António Aguilera
|
0-0: Foul Ball, location: 2F 0-1: Bunted foul 0-2: Ball 1-2: Ground out 5-3 (Groundball, 56)
|
Batting: LHB Lee Jenkins
|
0-0: Ball 1-0: Ball 2-0: Foul Ball, location: 2F 2-1: Swinging Strike 2-2: Ball 3-2: Base on Balls
|
Batting: RHB José Wills
|
0-0: Ball 1-0: Ball 2-0: 2-RUN HOME RUN (Flyball, 7LD), Distance : 359 ft
|
Batting: LHB Luis Salazar
|
0-0: Ball 1-0: Called Strike 1-1: SINGLE (Line Drive, 9LS)
|
Batting: RHB Mauro Peña
|
0-0: Called Strike Luis Salazar steals 2nd base 0-1: Ground out 5-3 (Groundball, 56S) Luis Salazar to third
|
Batting: RHB Gustavo López
|
0-0: Ball 1-0: Foul Ball, location: 2F 1-1: Fly out, F9 (Flyball, 89M)
|
Bottom of the 5th over - 2 runs, 2 hits, 0 errors, 1 left on base; Nantucket 3 - Detroit 3 |
TOP OF THE 6TH |
Nantucket Orcas batting - Pitching for Detroit Dirty Snow : RHP Jesús Mendoza
|
Batting: LHB Alfonso Vélez
|
0-0: Ball 1-0: Ball 2-0: Ball 3-0: Base on Balls
|
Batting: SHB Cristián Salazar
|
0-0: Ground out U3 (Groundball, 3L) Alfonso Vélez to second
|
Batting: RHB Curt O'Brian
|
0-0: Swinging Strike 0-1: Swinging Strike 0-2: Ball 1-2: Foul Ball, location: 2F 1-2: Foul Ball, location: 2F 1-2: Foul Ball, location: 2F 1-2: SINGLE (Line Drive, 9S) Alfonso Vélez to third
|
Batting: RHB Norberto Navarro
|
0-0: Ball 1-0: Swinging Strike 1-1: Fly out, F8 (Flyball, 8LD) Runner from 3rd tags up, SCORES, throw made
|
Batting: RHB Charlie Pérez
|
0-0: Ball 1-0: SINGLE (Line Drive, 4MD) Curt O'Brian to second Runner from 2nd tries for 3rd, SAFE, no throw
|
Batting: RHB Demetrio Inrouville
|
0-0: Called Strike 0-1: Ball 1-1: Foul Ball, location: 2F 1-2: Foul Ball, location: 2F 1-2: Strikes out swinging
|
Top of the 6th over - 1 run, 2 hits, 0 errors, 2 left on base; Nantucket 4 - Detroit 3 |
BOTTOM OF THE 6TH |
Detroit Dirty Snow batting - Pitching for Nantucket Orcas : RHP Emílio Benítez
|
Batting: RHB Antenor Anchieta
|
0-0: Called Strike 0-1: Ball 1-1: Foul Ball, location: 2F 1-2: Ball 2-2: Foul Ball, location: 2F 2-2: Strikes out swinging
|
Batting: SHB Víctor Torres
|
0-0: Swinging Strike 0-1: Ball 1-1: Called Strike 1-2: Foul Ball, location: 2F 1-2: Ball 2-2: Ball 3-2: Ground out 1-3 (Groundball, P)
|
Batting: LHB Al Cramer
|
0-0: Ball 1-0: Ball 2-0: Ball 3-0: Called Strike 3-1: Called Strike 3-2: Foul Ball, location: 2F 3-2: SINGLE (Groundball, 4D)
|
Pitching: LHP Jesús Garza
|
|
Batting: RHB António Aguilera
|
0-0: Ball 1-0: Ground out 5-3 (Groundball, 5S)
|
Bottom of the 6th over - 0 runs, 1 hit, 0 errors, 1 left on base; Nantucket 4 - Detroit 3 |
TOP OF THE 7TH |
Nantucket Orcas batting - Pitching for Detroit Dirty Snow : RHP Jesús Mendoza
|
Batting: LHB Eugene Lee
|
0-0: Foul Ball, location: 2F 0-1: Swinging Strike 0-2: Ball 1-2: Ball 2-2: SINGLE (Groundball, 34D)
|
Batting: RHB Paul Bell
|
0-0: Called Strike 0-1: Called Strike Eugene Lee steals 2nd base 0-2: Ball 1-2: Ground out 6-3 (Groundball, 6) Eugene Lee to third
|
Batting: RHB Matt Dundee
|
0-0: Called Strike 0-1: Ball 1-1: Called Strike 1-2: Strikes out swinging
|
Batting: LHB Alfonso Vélez
|
0-0: Called Strike 0-1: Ball 1-1: Foul Ball, location: 2F 1-2: Strikes out swinging
|
Top of the 7th over - 0 runs, 1 hit, 0 errors, 1 left on base; Nantucket 4 - Detroit 3 |
BOTTOM OF THE 7TH |
Detroit Dirty Snow batting - Pitching for Nantucket Orcas : LHP Jesús Garza
|
Batting: LHB Lee Jenkins
|
0-0: Called Strike 0-1: Ball 1-1: Foul Ball, location: 2F 1-2: Strikes out looking
|
Batting: RHB José Wills
|
0-0: Foul Ball, location: 2F 0-1: Called Strike 0-2: Ball 1-2: Ball 2-2: Foul Ball, location: 2F 2-2: Ground out 6-3 (Groundball, 6)
|
Batting: LHB Luis Salazar
|
0-0: Called Strike 0-1: Ball 1-1: Ball 2-1: Ground out 4-3 (Groundball, 4)
|
Bottom of the 7th over - 0 runs, 0 hits, 0 errors, 0 left on base; Nantucket 4 - Detroit 3 |
TOP OF THE 8TH |
Nantucket Orcas batting - Pitching for Detroit Dirty Snow : RHP Jesús Mendoza
|
Batting: SHB Cristián Salazar
|
0-0: SINGLE (Line Drive, 8RS)
|
Pinch Hitting: LHB Dennis King
|
0-0: Ball 1-0: Fly out, F4 (Popup, 4MD)
|
Batting: RHB Norberto Navarro
|
0-0: Ball Throwing error on steal attempt, E2 Cristián Salazar to third 1-0: Called Strike 1-1: Ball 2-1: Called Strike 2-2: Strikes out looking
|
Batting: RHB Charlie Pérez
|
0-0: Called Strike 0-1: Ball 1-1: Swinging Strike 1-2: Ball 2-2: SINGLE (Line Drive, 4D) Cristián Salazar scores
|
Batting: RHB Demetrio Inrouville
|
0-0: Called Strike 0-1: Ball Charlie Pérez steals 2nd base 1-1: Swinging Strike 1-2: Ground out U3 (Groundball, 34)
|
Top of the 8th over - 1 run, 2 hits, 1 error, 1 left on base; Nantucket 5 - Detroit 3 |
BOTTOM OF THE 8TH |
Detroit Dirty Snow batting - Pitching for Nantucket Orcas : LHP Jesús Garza
|
Now at 1B: Dennis King
|
|
Batting: RHB Mauro Peña
|
0-0: Ball 1-0: Swinging Strike 1-1: Foul Ball, location: 2F 1-2: Ball 2-2: Ball 3-2: Base on Balls
|
Batting: RHB Gustavo López
|
0-0: Ball 1-0: Called Strike 1-1: Ball Pickoff Throw by Catcher to First - Out! 2-1: Foul Ball, location: 2F 2-2: Strikes out swinging
|
Batting: RHB Antenor Anchieta
|
0-0: Ball 1-0: Ball 2-0: Ball 3-0: Base on Balls
|
Batting: SHB Víctor Torres
|
0-0: Fielders Choice at 2nd, 6-4 (Groundball, 6)
|
Bottom of the 8th over - 0 runs, 0 hits, 0 errors, 1 left on base; Nantucket 5 - Detroit 3 |
TOP OF THE 9TH |
Nantucket Orcas batting - Pitching for Detroit Dirty Snow : RHP Jesús Mendoza
|
Pitching: LHP Alonso Pineda
|
|
Batting: LHB Eugene Lee
|
0-0: Ball 1-0: Foul Ball, location: 2F 1-1: Swinging Strike 1-2: Ground out 3-1 (Groundball, 34)
|
Batting: RHB Paul Bell
|
0-0: SINGLE (Groundball, 34D)
|
Batting: RHB Matt Dundee
|
0-0: SINGLE (Groundball, 6D) Paul Bell to second
|
Pinch Hitting: RHB Juan Gómez
|
0-0: Ball 1-0: Ball 2-0: Ball 3-0: Called Strike 3-1: Called Strike 3-2: Ground out 5-3 (Groundball, 56S) Paul Bell to third Matt Dundee to second
|
Batting: SHB Cristián Salazar
|
0-0: Swinging Strike 0-1: Ball 1-1: Foul Ball, location: 2F 1-2: Ground out 6-3 (Groundball, 6M)
|
Top of the 9th over - 0 runs, 2 hits, 0 errors, 2 left on base; Nantucket 5 - Detroit 3 |
BOTTOM OF THE 9TH |
Detroit Dirty Snow batting - Pitching for Nantucket Orcas : LHP Jesús Garza
|
Now in RF: Armondo Goro
|
|
Batting: LHB Al Cramer
|
0-0: Called Strike 0-1: Foul Ball, location: 2F 0-2: Ball 1-2: Strikes out swinging
|
Batting: RHB António Aguilera
|
0-0: Ball 1-0: Swinging Strike 1-1: Ball 2-1: Ball 3-1: Called Strike 3-2: SINGLE (Groundball, 34D)
|
Batting: LHB Lee Jenkins
|
0-0: Called Strike 0-1: Ball 1-1: Ball 2-1: 2-RUN HOME RUN (Flyball, 9LD), Distance : 349 ft
|
Pitching: RHP Chuma Faqihi
|
|
Batting: RHB José Wills
|
0-0: Ground out 5-3 (Groundball, 5)
|
Batting: LHB Luis Salazar
|
0-0: Ball 1-0: Ball 2-0: Called Strike 2-1: Swinging Strike 2-2: Ball 3-2: Strikes out swinging
|
Bottom of the 9th over - 2 runs, 2 hits, 0 errors, 0 left on base; Nantucket 5 - Detroit 5 |
TOP OF THE 10TH |
Nantucket Orcas batting - Pitching for Detroit Dirty Snow : LHP Alonso Pineda
|
Batting: LHB Dennis King
|
0-0: Called Strike 0-1: Foul Ball, location: 2F 0-2: Fly out, F5 (Popup, 56S)
|
Batting: RHB Norberto Navarro
|
0-0: SINGLE (Flyball, 7LM)
|
Batting: RHB Charlie Pérez
|
0-0: Called Strike 0-1: Called Strike 0-2: Ball 1-2: Strikes out swinging
|
Batting: RHB Demetrio Inrouville
|
0-0: Ball 1-0: Ground out 4-3 (Groundball, 34)
|
Top of the 10th over - 0 runs, 1 hit, 0 errors, 1 left on base; Nantucket 5 - Detroit 5 |
BOTTOM OF THE 10TH |
Detroit Dirty Snow batting - Pitching for Nantucket Orcas : RHP Chuma Faqihi
|
Batting: RHB Mauro Peña
|
0-0: Ball 1-0: Called Strike 1-1: Hit by Pitch
|
Pinch Hitting: RHB Mike Best
|
0-0: Ball 1-0: Called Strike 1-1: Ball 2-1: Ball 3-1: SINGLE (Groundball, 3S) (infield hit) Mauro Peña to second
|
Batting: RHB Antenor Anchieta
|
0-0: Called Strike 0-1: SINGLE (Line Drive, 56) Mauro Peña to third Mike Best to second
|
Batting: SHB Víctor Torres
|
0-0: Ball 1-0: Foul Ball, location: 2F 1-1: Foul Ball, location: 2F 1-2: Ball 2-2: Strikes out swinging
|
Batting: LHB Al Cramer
|
0-0: Foul Ball, location: 2F 0-1: DOUBLE (Flyball, 78D) Mauro Peña scores
|
Saturday, April 7th, 2018 - OOTP Baseball 18.8 Build 76
|
|